 Dungeon Sprint DCSS version 0.27-a0-1217-g8a41f320e8 (webtiles) character file.

Game seed: 7893845964549849456

6775 mhtbhm the Severer (level 10, -2/156 HPs)
             Began as a Minotaur Berserker on June 5, 2021.
             Was a High Priest of Trog.
             Slain by a spriggan defender
             ... wielding a +6 quick blade
              (9 damage)
             ... in the Dungeon (Sprint IV: "Fedhas' Mad Dash").
             The game lasted 00:03:29 (3722 turns).

mhtbhm the Severer (Minotaur Berserker)             Turns: 3722, Time: 00:03:30

Health: -2/156     AC:  4    Str: 24    XL:     10   Next: 76%
Magic:  9/9        EV: 15    Int:  4    God:    Trog [*****.]
Gold:   230        SH:  0    Dex: 11    Spells: 9/9 levels left

rFire    + . .     SeeInvis .   a - +4 battleaxe (flame)
rCold    + . .     Faith    .   (shield currently unavailable)
rNeg     . . .     Spirit   .   b - +1 leather armour {rF+}
rPois    +         Reflect  .   (helmet restricted)
rElec    .         Harm     .   (no cloak)
rCorr    .         Rampage  .   (no gloves)
Will     .....     NoTele   +   (no boots)
Stlth    ..........             j - amulet of invisibility {+Inv}
HPRegen  0.36/turn              m - ring of protection from cold
MPRegen  0.11/turn              o - ring of Ephemeral Luck {+Blink rPois}

@: berserking (expiring), very quick
A: horns 2, retaliatory headbutt
a: Renounce Religion, Evoke Blink, Evoke Invisibility, Berserk, Trog's Hand,
Brothers in Arms


You were in the Dungeon.
You worshipped Trog.
Trog was extremely pleased with you.
You visited 1 branch You collected 230 gold pieces.

Inventory:

Hand Weapons
 a - a +4 battleaxe of flaming (weapon)
Armour
 b - a +1 leather armour of fire resistance (worn)
Jewellery
 j - the amulet of invisibility (around neck) {+Inv}
   (You found it in the Dungeon)

   [amulet of nothing]

   It lets you turn invisible.
 m - a ring of protection from cold (left hand)
 o - the ring of Ephemeral Luck (right hand) {+Blink rPois}
   (You found it in the Dungeon)

   [ring of poison resistance]

   It protects you from poison.
   It lets you blink.
Wands
 n - a wand of flame (23)
Scrolls
 h - a scroll of blinking
 l - a scroll of amnesia {unknown}
Potions
 c - 2 potions of curing
 d - a potion of heal wounds
 e - a potion of haste
 f - 2 potions of magic
 g - a potion of berserk rage
 i - a potion of degeneration {unknown}
 k - a potion of invisibility {unknown}
Miscellaneous
 p - a box of beasts


   Skills:
 + Level 14.6 Fighting
 + Level 17.4 Axes
 + Level 6.8 Armour
 + Level 10.2 Dodging
 + Level 10.2 Stealth
 + Level 7.4 Evocations


You had 9 spell levels left.
You didn't know any spells.
Your spell library was empty.

Dungeon Overview and Level Annotations

Branches:
Dungeon (1/1)

Altars:
Cheibriados
Dithmenos
Elyvilon
Gozag
Hepliaklqana
Kikubaaqudgha
Makhleb
Nemelex Xobeh
Okawaru
Qazlal
Ru
Sif Muna
Trog
Uskayaw
Vehumet
Wu Jian
Xom
Yredelemnul
Zin
The Shining One
Beogh
Jiyva
Lugonu

Shops:
D =[:?(?:!


Innate Abilities, Weirdness & Mutations

You have a pair of horns on your head.
You reflexively headbutt those who attack you in melee.


Message History

You are too injured to fight recklessly!
You are too injured to fight recklessly!
You are too injured to fight recklessly!
You are too injured to fight recklessly!
The spriggan defender hits you with a +6 quick blade!!
* * * LOW HITPOINT WARNING * * *
The spriggan defender blocks your attack. x2
The spriggan defender is heavily wounded.
Your deep troll barely misses the spriggan defender.
Your deep troll claws the spriggan defender.
The spriggan defender blocks your deep troll's attack.
The spriggan defender hits you with a +6 quick blade!!
* * * LOW HITPOINT WARNING * * *
The spriggan defender blocks your attack.
The spriggan defender is heavily wounded.
Your deep troll barely misses the spriggan defender.
The spriggan defender blocks your deep troll's attack.
Your deep troll misses the spriggan defender.
Unknown command.
The spriggan defender blocks your attack.
Your headbutt misses the spriggan defender.
The spriggan defender is heavily wounded.
The spriggan defender completely misses you.
Your deep troll closely misses the spriggan defender.
Your deep troll misses the spriggan defender.
Your deep troll completely misses the spriggan defender.
Unknown command.
Unknown command.
You barely miss the spriggan defender.
The spriggan defender is heavily wounded.
The spriggan defender closely misses you.
The spriggan defender blocks your deep troll's attack.
Your deep troll claws the spriggan defender.
Your deep troll completely misses the spriggan defender.
Unknown command.
The spriggan defender blocks your attack.
Your headbutt misses the spriggan defender.
The spriggan defender is heavily wounded.
The spriggan defender hits you with a +6 quick blade!
You die...

#############...)..###..)).♣.#
..♣(###.'..'.....|)'.'..)♣..∩#
♣..♣##:.#..#.......###########
.♣).###.##)##......#
...♣'...#♣.♣########
#########)....####
#..♣..♣....###
#...♣......♣i..♣###
......♣.....T@∩...}#
####################


You could see a spriggan defender (ally target) and a friendly deep troll
(summoned, berserk).

Vanquished Creatures
  A spriggan berserker (D)
  A spriggan druid (D)
  6 oklob plants (D)
  A demonic crawler (D)
  3 burning bushes (D)
  A queen bee (D)
  A hornet (D)
  3 wandering mushrooms (D)
  3 scorpions (D)
  4 killer bees (D)
  5 oklob saplings (D)
  5 spriggans (D)
  A river rat (D)
  A rat (D)
  A ballistomycete spore (D)
37 creatures vanquished.

Vanquished Creatures (collateral kills)
  Agnes (D)
1 creature vanquished.

Vanquished Creatures (others)
  2 fungi (D)
2 creatures vanquished.

Grand Total: 40 creatures vanquished

Notes
Turn   | Place    | Note
-------+----------+-------------------------------------------
     0 | D        | mhtbhm the Minotaur Berserker began the quest for the Orb.
     0 | D        | Reached XP level 1. HP: 19/19 MP: 0/0
     9 | D        | Reached skill level 4 in Axes
     9 | D        | Reached XP level 2. HP: 28/28 MP: 1/1
    40 | D        | Noticed an oklob sapling
    43 | D        | Killed an oklob sapling
    43 | D        | Reached ** piety under Trog
    44 | D        | Reached skill level 5 in Fighting
    44 | D        | Reached skill level 6 in Axes
    44 | D        | Reached XP level 3. HP: 30/37 MP: 2/2
   169 | D        | Noticed a scorpion
   170 | D        | Found the amulet of invisibility {+Inv}
   171 | D        | Killed a scorpion
   172 | D        | Reached skill level 7 in Axes
   172 | D        | Reached XP level 4. HP: 47/47 MP: 3/3
   249 | D        | Found an opulent altar of Gozag.
   249 | D        | Found a hazy altar of Hepliaklqana.
   249 | D        | Found a burning altar of Makhleb.
   249 | D        | Found a sparkling altar of Nemelex Xobeh.
   249 | D        | Found a snail-covered altar of Cheibriados.
   249 | D        | Found a sacrificial altar of Ru.
   249 | D        | Found a shimmering blue altar of Sif Muna.
   249 | D        | Found a shimmering altar of Xom.
   249 | D        | Found a basalt altar of Yredelemnul.
   250 | D        | Found a viscous altar of Jiyva.
   250 | D        | Found a bloodstained altar of Trog.
   250 | D        | Found an ornate altar of the Wu Jian Council.
   251 | D        | Found an iron altar of Okawaru.
   251 | D        | Found a shadowy altar of Dithmenos.
   251 | D        | Found a glowing silver altar of Zin.
   252 | D        | Found an ancient bone altar of Kikubaaqudgha.
   252 | D        | Found a hide-covered altar of Uskayaw.
   253 | D        | Found a stormy altar of Qazlal.
   253 | D        | Found a white marble altar of Elyvilon.
   253 | D        | Found a glowing golden altar of the Shining One.
   254 | D        | Found a corrupted altar of Lugonu.
   254 | D        | Found a radiant altar of Vehumet.
   264 | D        | Reached skill level 8 in Axes
   264 | D        | Reached XP level 5. HP: 35/55 MP: 2/4
   435 | D        | Reached *** piety under Trog
   436 | D        | Reached skill level 9 in Axes
   436 | D        | Reached skill level 1 in Stealth
   581 | D        | Reached skill level 5 in Armour
   586 | D        | Reached skill level 10 in Axes
   586 | D        | Reached skill level 5 in Dodging
   586 | D        | Reached skill level 1 in Evocations
   586 | D        | Reached XP level 6. HP: 56/64 MP: 5/5
   758 | D        | Found Qiqiquw's Armour Shop.
   758 | D        | Found Meabyrod's Jewellery Emporium.
   770 | D        | Noticed a burning bush
   770 | D        | Noticed a wandering mushroom
   771 | D        | Noticed a wandering mushroom
   775 | D        | Reached **** piety under Trog
   776 | D        | Reached skill level 10 in Fighting
   781 | D        | Killed a wandering mushroom
   782 | D        | Reached skill level 11 in Axes
  1232 | D        | Reached XP level 7. HP: 73/73 MP: 6/6
  1239 | D        | Killed a burning bush
  1240 | D        | Reached skill level 12 in Axes
  1243 | D        | Found Kiesyegg's Magic Scroll Emporium.
  1243 | D        | Found Ufeycsy's Antique Weapon Shoppe.
  1639 | D        | Noticed a queen bee
  1647 | D        | Reached ***** piety under Trog
  1657 | D        | Killed a queen bee
  1658 | D        | Reached skill level 13 in Axes
  1658 | D        | Reached XP level 8. HP: 37/83 MP: 5/7
  1665 | D        | HP: 4/83 [poisoned by a queen bee]
  2010 | D        | Noticed an oklob plant
  2020 | D        | Killed an oklob plant
  2020 | D        | Received a gift from Trog
  2021 | D        | Reached skill level 5 in Stealth
  2147 | D        | Noticed a burning bush
  2155 | D        | Killed a burning bush
  2156 | D        | Reached skill level 14 in Axes
  2157 | D        | Identified the ring of Ephemeral Luck {+Blink rPois}
  2301 | D        | Noticed a burning bush
  2301 | D        | Noticed an oklob plant
  2302 | D        | Noticed a wandering mushroom
  2306 | D        | Killed a burning bush
  2307 | D        | Reached XP level 9. HP: 91/91 MP: 5/8
  2313 | D        | Killed an oklob plant
  2314 | D        | Reached skill level 5 in Evocations
  2318 | D        | Reached skill level 15 in Axes
  2473 | D        | Noticed a spriggan druid
  2479 | D        | Killed a spriggan druid
  2624 | D        | Noticed an oklob plant conjurer
  2627 | D        | Killed an oklob plant conjurer
  2734 | D        | Noticed an oklob plant
  2734 | D        | Noticed an oklob plant summoner
  2735 | D        | Noticed an oklob plant shifter
  2744 | D        | Killed an oklob plant
  2744 | D        | Reached ****** piety under Trog
  2748 | D        | Killed an oklob plant summoner
  2748 | D        | Received a gift from Trog
  2749 | D        | Reached skill level 16 in Axes
  2749 | D        | Reached XP level 10. HP: 101/101 MP: 7/9
  2758 | D        | Killed an oklob plant shifter
  3160 | D        | Noticed a spriggan rider
  3161 | D        | Found Cioluihi's Book Emporium.
  3176 | D        | Found Riuckehe's Distillery.
  3397 | D        | Noticed Agnes
  3405 | D        | Killed Agnes
  3406 | D        | Reached skill level 17 in Axes
  3406 | D        | Reached skill level 10 in Dodging
  3636 | D        | Found Vefeu's Book Emporium.
  3636 | D        | Noticed a spriggan berserker
  3641 | D        | Noticed a death yak
  3643 | D        | Killed a spriggan berserker
  3644 | D        | Reached skill level 10 in Stealth
  3706 | D        | Found Orghik's Magic Scroll Shoppe.
  3707 | D        | Noticed a spriggan defender
  3718 | D        | HP: 7/156 [spriggan defender/+6 quick blade (18)]
  3722 | D        | Slain by a spriggan defender

Illustrated notes

Levels and vault maps discovered:
D:        dungeon_sprint_fedhas [sprint_temple]

Skill      XL: |  1  2  3  4  5  6  7  8  9 10 |
---------------+-------------------------------+-----
Fighting       | 4 5 7 8 9 10 11 12 13 14 | 14.6
Axes           | 4 6 7 8 10 11 13 14 16 17 | 17.4
Armour         | 3 4 5 6 |  6.8
Dodging        | 3 4 5 7 8 9 10 | 10.2
Stealth        | 1 2 4 6 8 10 | 10.2
Evocations     | 1 2 3 4 6 7 |  7.4

Action                   |  1- 3 |  4- 6 |  7- 9 | 10-12 || total
-------------------------+-------+-------+-------+-------++-------
Melee: Hand axe          |     4 |    41 |    28 |       ||    73
       Headbutt          |     1 |     6 |    20 |     3 ||    30
       War axe           |       |       |    33 |     8 ||    41
       Battleaxe         |       |       |       |    29 ||    29
Invok: Berserk           |     3 |     4 |     6 |     5 ||    18
       Brothers in Arms  |       |       |       |     2 ||     2
 Abil: Evoke Invisibilit |       |     2 |     3 |       ||     5
Evoke: Wand              |       |       |       |     1 ||     1
 Stab: Sleeping          |       |     1 |     6 |     1 ||     8
       Distracted        |       |     1 |       |       ||     1
       Invisible         |       |       |     4 |       ||     4
Armor: Animal skin       |       |       |     1 |     2 ||     3
Dodge: Dodged            |     2 |    12 |    23 |    12 ||    49

Table legend: (Time is in decaauts)
 A = Elapsed time spent in this place.
 B = Non-inter-level travel time spent in this place.
 C = Inter-level travel time spent in this place.
 D = Time resting spent in this place.
 E = Time spent auto-exploring this place.
 F = Levels seen in this place.
 G = Mean time per level.
                   A        B        C        D        E       F      G
               +--------+--------+--------+--------+--------+-----+--------+
         Total |   3857 |   3857 |      0 |   3344 |     32 |   1 | 3857.0 |
       Dungeon |   3857 |   3857 |      0 |   3344 |     32 |   1 | 3857.0 |
               +--------+--------+--------+--------+--------+-----+--------+

Top non-repeatable levels by time:
       D: 3857 daAuts
